 Seeded DCSS version 0.29-a0-96-g93358da72b (webtiles) character file.

Game seed: 8896313398491821788 (custom seed)

3 innerfire433 the Ducker (level 1, -1/20 HPs)
             Began as a Djinni Monk on Feb 10, 2022.
             Slain by a frilled lizard (3 damage)
             ... on level 1 of the Dungeon.
             The game lasted 00:00:18 (192 turns).

innerfire433 the Ducker (Djinni Monk)                Turns: 192, Time: 00:00:18

Health: -1/20      AC:  2    Str: 10    XL:     1   Next: 55%
Gold:   1          EV: 13    Int: 11    God:
                   SH:  0    Dex: 15

rFire   + + .      SeeInvis .   a - +0 spear
rCold   x . .      Faith    .   (no shield)
rNeg    . . .      Spirit   .   b - +0 robe
rPois   ∞          Reflect  .   (no helmet)
rElec   .          Harm     .   (no cloak)
rCorr   .          Rampage  .   (no gloves)
Will    .....                   (boots unavailable)
Stlth   ++........              (no amulet)
HPRegen 0.06/turn               (no ring)
MPRegen 0.00/turn               (no ring)

@: flying
A: sickness immunity, fire resistance 2, cold vulnerability 1, float, innate
caster, HP casting, extra vitality 1
a: no special abilities


You were on level 1 of the Dungeon.
You visited 1 branch of the dungeon, and saw 1 of its levels.

You collected 1 gold pieces.

Inventory:

Hand Weapons
 a - a +0 spear (weapon)
Armour
 b - a +0 robe (worn)
Scrolls
 c - a scroll of immolation {unknown}
 d - a scroll of brand weapon {unknown}


   Skills:
 + Level 3.0 Fighting
 + Level 2.4 Polearms
 + Level 3.3 Dodging
 - Level 1.6 Stealth
 * Level 0.1 Spellcasting


You couldn't memorise any spells.
You didn't know any spells.
Your spell library was empty.

Dungeon Overview and Level Annotations

Branches:
Dungeon (1/15)

Altars:


Innate Abilities, Weirdness & Mutations

You are immune to sickness and miasma.
You are immune to poison.
Your flesh is very heat resistant. (rF++)
You are vulnerable to cold. (rC-)
You float through the air rather than walking.
You learn spells naturally, not from books.
Your magical power is your life essence.
You have superior vitality. (+4 MHP)


Message History

The hobgoblin is heavily wounded.
The hobgoblin hits you.
You closely miss the hobgoblin.
The hobgoblin is heavily wounded.
The hobgoblin barely misses you.
You hit the hobgoblin but do no damage.
The hobgoblin is moderately wounded.
The hobgoblin barely misses you.
You hit the hobgoblin but do no damage.
The hobgoblin is moderately wounded.
The frilled lizard bites you.
You hit the hobgoblin.
The hobgoblin is almost dead.
The hobgoblin hits you. The frilled lizard barely misses you.
You are too injured to fight recklessly!
You are too injured to fight recklessly!
You barely miss the hobgoblin.
The hobgoblin is almost dead.
The hobgoblin closely misses you. The frilled lizard bites you.
The endoplasm hits you.
You closely miss the hobgoblin.
The hobgoblin is almost dead.
The hobgoblin barely misses you. The frilled lizard closely misses you.
The endoplasm freezes you.
You are frozen.
* * * LOW HITPOINT WARNING * * *
You barely miss the hobgoblin.
The hobgoblin is almost dead.
The hobgoblin hits you.
* * * LOW HITPOINT WARNING * * *
The frilled lizard bites you.
* * * LOW HITPOINT WARNING * * *
The endoplasm closely misses you. The hobgoblin closely misses you.
You barely miss the frilled lizard. The frilled lizard barely misses you.
The hobgoblin hits you but does no damage.
You closely miss the hobgoblin.
The hobgoblin is almost dead.
The frilled lizard bites you.
You die...

.#................#
..........>.......#####
....................).#
......................#
>..........#####....#.+
.....####.######....###
##......#......#....#
##......#####......#
####....## ##.@...###.
######.#..# ##lg......
#g#^##'##.# #.J....#..
######...### #.........
Z#.....>.#Z# ...........
##.###...###.....##.....
...#p##+##......#. .#...
###### ##..... . .#...
Z#Z# .?.#... . ..


You could see an endoplasm, a hobgoblin and a frilled lizard.

Vanquished Creatures
  An endoplasm (D:1)
  A kobold (D:1)
  A rat (D:1)
3 creatures vanquished.

Notes
Turn   | Place    | Note
-------+----------+-------------------------------------------
     0 | D:1      | innerfire433 the Djinni Monk began the quest for the Orb.
     0 | D:1      | Reached XP level 1. HP: 20/20 MP: 0/0
     3 | D:1      | Noticed a minotaur skeleton
     5 | D:1      | Noticed a vampire
     9 | D:1      | Noticed a demonspawn zombie
    15 | D:1      | Noticed a human
   192 | D:1      | Slain by a frilled lizard

Illustrated notes

Levels and vault maps discovered:
D:1:      shiori_arrival_whats_in_store_for_you, layout_rooms,
          chequers_serial_rivers_room_a

Action                   || total
-------------------------++-------
Melee: Spear             ||    21
 Stab: Sleeping          ||     1
Armor: Robe              ||     2
Dodge: Dodged            ||    15

Table legend: (Time is in decaauts)
 A = Elapsed time spent in this place.
 B = Non-inter-level travel time spent in this place.
 C = Inter-level travel time spent in this place.
 D = Time resting spent in this place.
 E = Time spent auto-exploring this place.
 F = Levels seen in this place.
 G = Mean time per level.
                   A        B        C        D        E       F      G
               +--------+--------+--------+--------+--------+-----+--------+
         Total |    191 |    191 |      0 |      0 |    149 |   1 |  191.0 |
       Dungeon |    191 |    191 |      0 |      0 |    149 |   1 |  191.0 |
               +--------+--------+--------+--------+--------+-----+--------+

Top non-repeatable levels by time:
     D:1: 191 daAuts
